 Dungeon Sprint DCSS version 0.28.0-43-g3370ac3207 (webtiles) character file.

Game seed: 14953584206951296735

391 boopmooplesden the Cleaver (level 6, 0/67 HPs)
             Began as a Minotaur Berserker on Mar 10, 2022.
             Was a Believer of Trog.
             Slain by a water moccasin (2 damage)
             ... in the Dungeon (Sprint II: "The Violet Keep of Menkaure").
             The game lasted 00:00:35 (303 turns).

boopmooplesden the Cleaver (Minotaur Berserker)      Turns: 303, Time: 00:00:35

Health: 0/67       AC:  2    Str: 24    XL:     6   Next: 50%
Magic:  3/3        EV: 13    Int:  4    God:    Trog [**....]
Gold:   0          SH:  0    Dex:  9    Spells: 5/5 levels left

rFire   . . .      SeeInvis .   a - +0 hand axe
rCold   . . .      Faith    .   (no shield)
rNeg    . . .      Spirit   .   b - +0 animal skin
rPois   .          Reflect  .   (helmet restricted)
rElec   .          Harm     .   (no cloak)
rCorr   .          Rampage  .   (no gloves)
Will    .....      NoTele   +   (no boots)
Stlth   ++........              (no amulet)
HPRegen 0.21/turn               (no ring)
MPRegen 0.08/turn               (no ring)

@: lethally poisoned (0 -> -9)
A: horns 2, retaliatory headbutt, thin skeletal structure 1, clumsy 1,
deterioration 1, low MP 2
a: Renounce Religion, Berserk, Trog's Hand


You were in the Dungeon.
You worshipped Trog.
Trog was pleased with you.
You visited 1 branch

Inventory:

Hand Weapons
 a - a +0 hand axe (weapon)
Armour
 b - a +0 animal skin (worn)
Scrolls
 h - a scroll of blinking
Potions
 c - a potion of curing
 d - a potion of heal wounds
 e - a potion of haste
 f - 2 potions of magic
 g - a potion of berserk rage


   Skills:
 + Level 10.6 Fighting
 + Level 11.8 Axes
 + Level 6.0 Armour
 + Level 5.1 Dodging


You had 5 spell levels left.
You didn't know any spells.
Your spell library was empty.

Dungeon Overview and Level Annotations

Branches:
Dungeon (1/1)

Altars:


Innate Abilities, Weirdness & Mutations

You have a pair of horns on your head.
You reflexively headbutt those who attack you in melee.
You have a somewhat thin skeletal structure. (Dex +2, Stealth+)
You are clumsy. (Dex -2)
Your body sometimes deteriorates upon taking damage.
Your magical capacity is very low. (-20% MP)


Message History

The water moccasin completely misses you.
You hit the water moccasin but do no damage.
Your headbutt misses the water moccasin.
You feel sick. The water moccasin bites you!
You hit the water moccasin.
Your headbutt misses the water moccasin.
Your punch misses the water moccasin.
The water moccasin is lightly wounded.
You feel sick. The water moccasin misses you.
You barely miss the water moccasin.
Your headbutt misses the water moccasin.
The water moccasin is lightly wounded.
You feel sick.
The merfolk siren chants a haunting song.
You easily resist.
The water moccasin bites you.
* * * LOW HITPOINT WARNING * * *
You hit the water moccasin.
The water moccasin is moderately wounded.
You feel sick. The water moccasin bites you.
* * * LOW HITPOINT WARNING * * *
The merfolk siren chants a haunting song.
You are mesmerised by the merfolk siren!
You closely miss the water moccasin.
Your headbutt misses the water moccasin.
The water moccasin is moderately wounded.
You feel sick. The water moccasin bites you.
* * * LOW HITPOINT WARNING * * *
You are lethally poisoned!
The water moccasin poisons you!
The merfolk siren chants its luring song.
* * * LOW HITPOINT WARNING * * *
You feel very sick. The water moccasin bites you.
* * * LOW HITPOINT WARNING * * *
The merfolk siren chants its luring song.
You break out of your daze!
* * * LOW HITPOINT WARNING * * *
You feel very sick. The water moccasin bites you.
You die...

## #≈##
#≈## ##@#
##
##S##...#
+.<.'$#
##.##.m.#
#+# .## #


You could see a water moccasin.

Vanquished Creatures
  3 neqoxecs (D)
3 creatures vanquished.

Notes
Turn   | Place    | Note
-------+----------+-------------------------------------------
     0 | D        | boopmooplesden the Minotaur Berserker began the quest for
                  | the Orb.
     0 | D        | Reached XP level 1. HP: 19/19 MP: 0/0
     1 | D        | Noticed a neqoxec
     4 | D        | Gained mutation: You have a somewhat thin skeletal
                  | structure. (Dex +2, Stealth+) [a neqoxec]
     5 | D        | Gained mutation: Your body sometimes deteriorates upon
                  | taking damage. [a neqoxec]
     7 | D        | Killed a neqoxec
     8 | D        | Reached skill level 8 in Axes
     8 | D        | Reached XP level 2. HP: 34/35 MP: 1/1
     8 | D        | Reached XP level 3. HP: 39/40 MP: 2/2
     8 | D        | Reached XP level 4. HP: 47/48 MP: 3/3
    11 | D        | Noticed a neqoxec
    15 | D        | Gained mutation: You are clumsy. (Dex -2) [a neqoxec]
    16 | D        | Gained mutation: Your magical capacity is low. (-10% MP) [a
                  | neqoxec]
    21 | D        | Lost intelligence.
    21 | D        | Gained mutation: Your magical capacity is very low. (-20%
                  | MP) [a neqoxec]
    23 | D        | Killed a neqoxec
    24 | D        | Reached skill level 10 in Axes
    24 | D        | Reached skill level 5 in Armour
    24 | D        | Reached XP level 5. HP: 8/57 MP: 3/3
    27 | D        | Noticed a neqoxec
    27 | D        | Noticed a merfolk siren
    95 | D        | HP: 1/57 [neqoxec (11)]
    96 | D        | Killed a neqoxec
    96 | D        | Reached ** piety under Trog
    97 | D        | Reached skill level 10 in Fighting
    97 | D        | Reached skill level 11 in Axes
    97 | D        | Reached skill level 5 in Dodging
    97 | D        | Reached XP level 6. HP: 2/67 MP: 3/3
   292 | D        | Noticed a water moccasin
   303 | D        | HP: 2/67 [poisoned by a water moccasin]
   303 | D        | Slain by a water moccasin

Illustrated notes

Levels and vault maps discovered:
D:        the_violet_keep_of_menkaure [sprint2_stairs_cluster_1,
          sprint2_shoproom, sprint2_temple, sprint2_basic_supplies,
          sprint2_obstacle_1, sprint2_obstacle_2, sprint2_obstacle_7,
          sprint2_obstacle_6, sprint2_obstacle_3, sprint2_timed_cluster_1,
          sprint2_smallroom_cluster_1, sprint2_smallroom_final_cluster_1,
          sprint2_transparent_cluster_1, sprint2_second_timed_cluster_1,
          sprint2_sniper_area_1, sprint2_heavy_combat_area_1,
          sprint2_mutation_trap_area_1, sprint2_forest_area_1,
          sprint2_light_combat_area_1, sprint2_behind_water_1,
          sprint2_near_end_vault_1]

Skill      XL: |  1  2  3  4  5 |
---------------+----------------+-----
Fighting       | 7 9 10 | 10.6
Axes           | 8 10 11 | 11.8
Armour         | 4 5 6 |  6.0
Dodging        | 3 4 5 |  5.1

Action                   |  1- 3 |  4- 6 || total
-------------------------+-------+-------++-------
Melee: Hand axe          |     5 |    24 ||    29
       Headbutt          |     1 |     4 ||     5
Invok: Berserk           |     1 |       ||     1
Dodge: Dodged            |       |     7 ||     7
